 Dungeon Crawl Stone Soup version 0.26-a0-812-g31a745ddcd (webtiles) character file.

Game seed: 11413071450240238791

67 Morbidden the Conjurer (level 3, 26/26 HPs)
             Began as a Demigod Conjurer on Nov 13, 2020.
             Quit the game on level 2 of the Dungeon.
             The game lasted 00:02:36 (1800 turns).

Morbidden the Conjurer (Demigod Conjurer)           Turns: 1800, Time: 00:02:37

Health: 26/26      AC:  2    Str: 10    XL:     3   Next: 70%
Magic:  8/8        EV: 12    Int: 24    God:
Gold:   194        SH:  0    Dex: 14    Spells: 3/6 levels left

rFire    . . .     SeeInvis .   k - +1 dagger (vamp)
rCold    . . .     Faith    .   (no shield)
rNeg     . . .     Spirit   .   a - +0 robe
rPois    .         Reflect  .   (no helmet)
rElec    .         Harm     .   (no cloak)
rCorr    +         Rampage  .   (no gloves)
MR       +....                  (no boots)
Stlth    ++........             (no amulet)
HPRegen  0.08/turn              h - ring of resist corrosion
MPRegen  0.11/turn              j - ring of protection from magic

@: no status effects
A: high mp 1
a: no special abilities


You were on level 2 of the Dungeon.
You visited 1 branch of the dungeon, and saw 2 of its levels.

You collected 194 gold pieces.

Inventory:

Hand Weapons
 k - a +1 vampiric dagger (weapon)
Armour
 a - a +0 robe (worn)
Jewellery
 h - a ring of resist corrosion (left hand)
 j - a ring of protection from magic (right hand)
 m - an uncursed ring of protection from fire {unknown}
Scrolls
 c - a scroll of random uselessness {unknown}
 d - 3 scrolls of teleportation {unknown}
 e - a scroll of fog {unknown}
 g - a scroll of enchant weapon {unknown}
 l - a scroll of immolation {unknown}
Potions
 b - a potion of attraction {unknown}
 f - 2 potions of haste {unknown}
 i - 2 potions of flight {unknown}
 n - a potion of curing {unknown}
 o - a potion of ambrosia {unknown}


   Skills:
 + Level 2.0 Dodging
 + Level 2.0 Stealth
 + Level 0.1 Unarmed Combat
 + Level 2.2 Spellcasting
 + Level 4.6 Conjurations


You had 3 spell levels left.
You knew the following spells:

 Your Spells              Type           Power        Failure   Level
a - Magic Dart            Conj           ###.         1%          1
b - Searing Ray           Conj           ###...       2%          2

Your spell library contained the following spells:

 Spells                   Type           Power        Failure   Level
 Dazzling Flash           Conj/Hex       ##....       14%         3
 Fulminant Prism          Conj/Hex       ##........   41%         4
 Iskenderun's Mystic Bla  Conj/Tloc      ##......     41%         4


Dungeon Overview and Level Annotations

Branches:
Dungeon (2/15)


Innate Abilities, Weirdness & Mutations

You have an increased reservoir of magic. (+10% MP)


Message History

You can't see any susceptible monsters within range! (Use Z to cast anyway.)
You see here a robe.
You now have 194 gold pieces (gained 7).
Found a stone staircase leading up.
Key pressed, stopping explore.
Unknown command.
Casting: Magic Dart (safe; 1% risk of failure)
Confirm with . or Enter, or press ? or * to list all spells.
You can't see any susceptible monsters within range! (Use Z to cast anyway.)
Casting: Magic Dart (safe; 1% risk of failure)
Confirm with . or Enter, or press ? or * to list all spells.
You can't see any susceptible monsters within range! (Use Z to cast anyway.) Unknown command. 2 rats and 2 worms come into view.
Found a long sword.
Found a bloodstained altar of Trog.
There are monsters nearby!
Unknown command.
Unknown command.
Unknown command.
Are you sure you want to abandon this character and quit the game? (Confirm with "yes".)

###.....##########.....# #.#.
.........## #.##..# ###.#.
###.......########.##..# #...#.
###...............##..# #.....
.........#####.#####..# ###.###.
#####...## #.# #..# #...[.#.
#..## #.# #..###.###.#. #.##
####.#####......# #... #(#
#....@..##.####.###.## ######.#
#.........### #....... #......#
#...........#######.###. #.######
#....###....#.......##..
#.########...##y##...###.##......
........##....###....# #.#######.
..#####.###....rww..## #.# # ..#
#..r._..).# #.# ##### ..##### #.#
#....


You could see a moth of wrath, 2 worms and 2 rats.

Vanquished Creatures
  Terence (D:2)
  A worm (D:2)
  2 dart slugs (D:1)
  A leopard gecko (D:2)
  A giant cockroach (D:1)
  6 goblins
  3 hobgoblins (D:1)
  4 bats (D:1)
  2 frilled lizards (D:1)
  8 kobolds
  6 rats
35 creatures vanquished.

Notes
Turn   | Place    | Note
-------+----------+-------------------------------------------
     0 | D:1      | Morbidden the Demigod Conjurer began the quest for the Orb.
     0 | D:1      | Reached XP level 1. HP: 14/14 MP: 5/5
   148 | D:1      | Reached skill level 4 in Conjurations
   148 | D:1      | Reached XP level 2. HP: 11/20 MP: 1/7
  1058 | D:1      | Learned a level 2 spell: Searing Ray
  1071 | D:2      | Noticed Terence
  1144 | D:2      | HP: 1/20 [Terence/+0 flail (4)]
  1145 | D:2      | Killed Terence
  1145 | D:2      | Reached XP level 3. HP: 1/26 MP: 1/8
  1796 | D:2      | Noticed a moth of wrath
  1799 | D:2      | Found a bloodstained altar of Trog.
  1800 | D:2      | Quit the game

Illustrated notes

Levels and vault maps discovered:
D:1:      dpeg_arrival_simpleton_a, layout_loops_ring, st_stairs_4
D:2:      layout_loops_ring, nicolae_overflow_hidden_temple, tgw_trog,
          minmay_misc_feat_plants, grunt_ministairs_10, minivault_27,
          amethyst_killhole, uniq_terence

Skill      XL: |  1  2 |
---------------+-------+-----
Conjurations   | 4 |  4.6
Dodging        | 2 |  2.0
Stealth        | 2 |  2.0
Spellcasting   | 2 |  2.2
Unarmed Combat | |  0.1

Action                   || total
-------------------------++-------
Melee: Unarmed           ||    17
       Dagger            ||    26
 Cast: Magic Dart        ||    44
       Searing Ray       ||     2
 Stab: Sleeping          ||     2
Armor: Robe              ||     3
Dodge: Dodged            ||    30

Table legend: (Time is in decaauts)
 A = Elapsed time spent in this place.
 B = Non-inter-level travel time spent in this place.
 C = Inter-level travel time spent in this place.
 D = Time resting spent in this place.
 E = Time spent auto-exploring this place.
 F = Levels seen in this place.
 G = Mean time per level.
                   A        B        C        D        E       F      G
               +--------+--------+--------+--------+--------+-----+--------+
         Total |   1798 |   1786 |     12 |      0 |   1561 |   2 |  899.0 |
       Dungeon |   1798 |   1786 |     12 |      0 |   1561 |   2 |  899.0 |
               +--------+--------+--------+--------+--------+-----+--------+

Top non-repeatable levels by time:
     D:1: 1070 daAuts
     D:2: 728 daAuts
